| TOP OF THE 1ST |
|
Elizabethton Twins batting - Pitching for Great Falls Voyagers : RHP Dicky Goedhart
|
|
Pitching: RHP Dicky Goedhart
|
|
|
Batting: RHB David McClellan
|
0-0: Ball 1-0: Foul Ball, location: 2F 1-1: Ball 2-1: Ball 3-1: Base on Balls
|
|
Batting: LHB Tomas Espino
|
0-0: Called Strike David McClellan is caught stealing 2nd base 2-6 0-1: Ball 1-1: Ground out 6-3 (Groundball, 56, EV 107.5 MPH)
|
|
Batting: RHB Kevin Harris
|
0-0: Called Strike 0-1: Called Strike 0-2: Fly out, F8 (Flyball, 8LD, EV 106.9 MPH)
|
| Top of the 1st over - 0 runs, 0 hits, 0 errors, 0 left on base; Elizabethton 0 - Great Falls 0 |
| BOTTOM OF THE 1ST |
|
Great Falls Voyagers batting - Pitching for Elizabethton Twins : RHP Brian Waldrip
|
|
Pitching: RHP Brian Waldrip
|
|
|
Batting: SHB Jay Gagnon
|
0-0: Ball 1-0: Foul Ball, location: 2F 1-1: Foul Ball, location: 2F 1-2: Foul Ball, location: 2F 1-2: Ball 2-2: Ball 3-2: Foul Ball, location: 2F 3-2: SINGLE (Groundball, 6S, EV 66.2 MPH) (infield hit)
|
|
Batting: RHB Mike Rosa
|
0-0: Ball Jay Gagnon steals 2nd base 1-0: Ground out U3 (Groundball, 34, EV 92.5 MPH) Jay Gagnon to third
|
|
Batting: LHB Justin Stickney
|
0-0: Ground out 5-3 (Groundball, 56, EV 105.6 MPH) Jay Gagnon scores
|
|
Batting: LHB Jeff Alphonso
|
0-0: Ball 1-0: Foul Ball, location: 2F 1-1: SOLO HOME RUN (Flyball, 7LD, EV 95.0 MPH), Distance : 338 ft
|
|
Batting: RHB Andy Cotton
|
0-0: Called Strike 0-1: Swinging Strike 0-2: Strikes out looking
|
| Bottom of the 1st over - 2 runs, 2 hits, 0 errors, 0 left on base; Elizabethton 0 - Great Falls 2 |
| TOP OF THE 2ND |
|
Elizabethton Twins batting - Pitching for Great Falls Voyagers : RHP Dicky Goedhart
|
|
Batting: LHB Brian Wagner
|
0-0: Ball 1-0: Ball 2-0: Ball 3-0: Base on Balls
|
|
Batting: LHB Marshall Daul
|
0-0: Ball 1-0: Ball Brian Wagner steals 2nd base 2-0: Fly out, F9 (Flyball, 9LD, EV 103.8 MPH) Runner from 2nd tags up, SAFE at 3rd, no throw by RF
|
|
Batting: RHB Jeremy Witt
|
0-0: Ball 1-0: Foul Ball, location: 2F 1-1: Ball 2-1: Swinging Strike 2-2: Foul Ball, location: 2F 2-2: Ball 3-2: Foul Ball, location: 2F 3-2: Base on Balls
|
|
Batting: LHB Hector Olvera
|
0-0: Fly out, F5 (Line Drive, 5L, EV 69.4 MPH)
|
|
Batting: LHB Marvin Shepherd
|
0-0: Ball 1-0: Fielders Choice at 2nd, 5-4 (Groundball, 5L, EV 86.2 MPH)
|
| Top of the 2nd over - 0 runs, 0 hits, 0 errors, 2 left on base; Elizabethton 0 - Great Falls 2 |
| BOTTOM OF THE 2ND |
|
Great Falls Voyagers batting - Pitching for Elizabethton Twins : RHP Brian Waldrip
|
|
Batting: SHB Ethan Villalobos
|
0-0: Ball 1-0: Foul Ball, location: 2F 1-1: Ball 2-1: Ground out 5-3 (Groundball, 56, EV 85.0 MPH)
|
|
Batting: RHB Tommy Ellington
|
0-0: Ball 1-0: Ball 2-0: Called Strike 2-1: Swinging Strike 2-2: Foul Ball, location: 2F 2-2: Strikes out looking
|
|
Batting: RHB Billy Grubbs
|
0-0: Ball 1-0: Called Strike 1-1: SINGLE (Groundball, 6D, EV 94.4 MPH)
|
|
Batting: RHB Kasey Bland
|
0-0: Swinging Strike 0-1: Called Strike 0-2: Strikes out looking
|
| Bottom of the 2nd over - 0 runs, 1 hit, 0 errors, 1 left on base; Elizabethton 0 - Great Falls 2 |
| TOP OF THE 3RD |
|
Elizabethton Twins batting - Pitching for Great Falls Voyagers : RHP Dicky Goedhart
|
|
Batting: RHB Ton van Dijk
|
0-0: Ball 1-0: Called Strike 1-1: Ball 2-1: Swinging Strike 2-2: SINGLE (Groundball, 13, EV 72.5 MPH) (infield hit)
|
|
Batting: RHB David McClellan
|
0-0: Ball 1-0: Ball Ton van Dijk steals 2nd base (no throw) 2-0: SINGLE (Groundball, 13S, EV 69.4 MPH) (infield hit) Ton van Dijk to third
|
|
Batting: LHB Tomas Espino
|
0-0: Ball 1-0: Called Strike 1-1: Called Strike David McClellan steals 2nd base 1-2: Strikes out swinging
|
|
Batting: RHB Kevin Harris
|
0-0: Foul Ball, location: 2F 0-1: Ground out 4-3 (Groundball, 4D, EV 78.1 MPH) Ton van Dijk scores David McClellan to third
|
|
Batting: LHB Brian Wagner
|
0-0: Called Strike 0-1: Ball 1-1: Called Strike 1-2: Ground out 6-3 (Groundball, 6M, EV 100.0 MPH)
|
| Top of the 3rd over - 1 run, 2 hits, 0 errors, 1 left on base; Elizabethton 1 - Great Falls 2 |
| BOTTOM OF THE 3RD |
|
Great Falls Voyagers batting - Pitching for Elizabethton Twins : RHP Brian Waldrip
|
|
Batting: SHB Jay Gagnon
|
0-0: Called Strike 0-1: Ball 1-1: Ball 2-1: Swinging Strike 2-2: Foul Ball, location: 2F 2-2: Strikes out looking
|
|
Batting: RHB Mike Rosa
|
0-0: Ground out 4-3 (Groundball, 4, EV 86.2 MPH)
|
|
Batting: LHB Justin Stickney
|
0-0: Ball 1-0: Swinging Strike 1-1: Called Strike 1-2: Ground out U3 (Groundball, 3, EV 108.1 MPH)
|
| Bottom of the 3rd over - 0 runs, 0 hits, 0 errors, 0 left on base; Elizabethton 1 - Great Falls 2 |
| TOP OF THE 4TH |
|
Elizabethton Twins batting - Pitching for Great Falls Voyagers : RHP Dicky Goedhart
|
|
Batting: LHB Marshall Daul
|
0-0: Called Strike 0-1: Ball 1-1: Ball 2-1: Foul Ball, location: 2F 2-2: TRIPLE (Line Drive, 9D, EV 105.0 MPH)
|
|
Batting: RHB Jeremy Witt
|
0-0: Ball 1-0: Called Strike 1-1: Foul Ball, location: 2F 1-2: Ball 2-2: Foul Ball, location: 2F 2-2: Strikes out swinging
|
|
Batting: LHB Hector Olvera
|
0-0: 2-RUN HOME RUN (Flyball, 78XD, EV 100.0 MPH), Distance : 406 ft
|
|
Batting: LHB Marvin Shepherd
|
0-0: Foul Ball, location: 2F 0-1: Ball 1-1: Ball 2-1: SINGLE (Groundball, 4, EV 96.9 MPH)
|
|
Batting: RHB Ton van Dijk
|
0-0: Called Strike Marvin Shepherd is caught stealing 2nd base 2-4 0-1: Fly out, F4 (Line Drive, 4, EV 65.0 MPH)
|
| Top of the 4th over - 2 runs, 3 hits, 0 errors, 0 left on base; Elizabethton 3 - Great Falls 2 |
| BOTTOM OF THE 4TH |
|
Great Falls Voyagers batting - Pitching for Elizabethton Twins : RHP Brian Waldrip
|
|
Batting: LHB Jeff Alphonso
|
0-0: Foul Ball, location: 2F 0-1: Foul Ball, location: 2F 0-2: Ground out 6-3 (Groundball, 6, EV 104.4 MPH)
|
|
Batting: RHB Andy Cotton
|
0-0: Swinging Strike 0-1: Ball 1-1: Ball 2-1: Ball 3-1: Fly out, F9 (Flyball, 89XD, EV 90.0 MPH)
|
|
Batting: SHB Ethan Villalobos
|
0-0: Ball 1-0: SINGLE (Groundball, 56D, EV 96.2 MPH)
|
|
Batting: RHB Tommy Ellington
|
0-0: Called Strike 0-1: Ball 1-1: Ball 2-1: Ball 3-1: Foul Ball, location: 2F 3-2: Base on Balls Ethan Villalobos to second
|
|
Batting: RHB Billy Grubbs
|
0-0: Called Strike 0-1: Foul Ball, location: 2F 0-2: Ball 1-2: Foul Ball, location: 2F 1-2: Foul Ball, location: 2F 1-2: Ball 2-2: 3-RUN HOME RUN (Flyball, 89XD, EV 98.1 MPH), Distance : 400 ft
|
|
Pitching: LHP Mike Horton
|
|
|
Batting: RHB Kasey Bland
|
0-0: Ball 1-0: Ball 2-0: Ball 3-0: Base on Balls
|
|
Batting: SHB Jay Gagnon
|
0-0: Ball 1-0: Called Strike Kasey Bland is caught stealing 2nd base 2-4
|
| Bottom of the 4th over - 3 runs, 2 hits, 0 errors, 0 left on base; Elizabethton 3 - Great Falls 5 |
| TOP OF THE 5TH |
|
Elizabethton Twins batting - Pitching for Great Falls Voyagers : RHP Dicky Goedhart
|
|
Batting: RHB David McClellan
|
0-0: SINGLE (Line Drive, 9S, EV 95.6 MPH)
|
|
Batting: LHB Tomas Espino
|
0-0: Called Strike David McClellan steals 2nd base 0-1: Ball 1-1: Ball 2-1: Called Strike 2-2: Foul Ball, location: 2F 2-2: Foul Ball, location: 2F 2-2: Strikes out looking
|
|
Batting: RHB Kevin Harris
|
0-0: Swinging Strike 0-1: Ball 1-1: Called Strike 1-2: Ball 2-2: Ball 3-2: Ground out 6-3 (Groundball, 6, EV 90.0 MPH)
|
|
Batting: LHB Brian Wagner
|
0-0: Called Strike 0-1: Ball 1-1: Ball 2-1: Called Strike 2-2: Ground out 5-3 (Groundball, 6S, EV 70.0 MPH)
|
| Top of the 5th over - 0 runs, 1 hit, 0 errors, 1 left on base; Elizabethton 3 - Great Falls 5 |
| BOTTOM OF THE 5TH |
|
Great Falls Voyagers batting - Pitching for Elizabethton Twins : LHP Mike Horton
|
|
Batting: SHB Jay Gagnon
|
0-0: Ball 1-0: Ball 2-0: Ball 3-0: Called Strike 3-1: Called Strike 3-2: Foul Ball, location: 2F 3-2: Base on Balls
|
|
Batting: RHB Mike Rosa
|
0-0: Called Strike 0-1: Ball 1-1: Ball 2-1: Foul Ball, location: 2F 2-2: Ball Jay Gagnon is caught stealing 2nd base 2-4 3-2: DOUBLE (Line Drive, 9LM, EV 105.6 MPH)
|
|
Batting: LHB Justin Stickney
|
0-0: Ball 1-0: SINGLE (Groundball, 4MD, EV 97.5 MPH) Mike Rosa to third Runner from 3rd tries for Home, SAFE, throw by CF to home
|
|
Batting: LHB Jeff Alphonso
|
0-0: Fly out, F4 (Flyball, 34D, EV 95.0 MPH)
|
|
Batting: RHB Andy Cotton
|
0-0: Ball 1-0: Foul Ball, location: 2F 1-1: Ball 2-1: Ground out 4-3 (Groundball, 4, EV 98.8 MPH)
|
| Bottom of the 5th over - 1 run, 2 hits, 0 errors, 1 left on base; Elizabethton 3 - Great Falls 6 |
| TOP OF THE 6TH |
|
Elizabethton Twins batting - Pitching for Great Falls Voyagers : RHP Dicky Goedhart
|
|
Pitching: LHP Ray Sowers
|
|
|
Batting: LHB Marshall Daul
|
0-0: Ball 1-0: Reached on error, E6 (Groundball, 4M, EV 83.1 MPH)
|
|
Batting: RHB Jeremy Witt
|
0-0: Ball Marshall Daul steals 2nd base 1-0: Ball 2-0: Foul Ball, location: 2F 2-1: Ground out 5-3 (Groundball, 56S, EV 81.9 MPH)
|
|
Batting: LHB Hector Olvera
|
0-0: Called Strike 0-1: Ground out 4-3 (Groundball, 4, EV 81.2 MPH) Marshall Daul to third
|
|
Pinch Hitting: RHB Andrew Rich
|
0-0: Ground out 4-3 (Groundball, 4S, EV 73.8 MPH)
|
| Top of the 6th over - 0 runs, 0 hits, 1 error, 1 left on base; Elizabethton 3 - Great Falls 6 |
| BOTTOM OF THE 6TH |
|
Great Falls Voyagers batting - Pitching for Elizabethton Twins : LHP Mike Horton
|
|
Now in LF: Steve Terrell
|
|
|
Batting: SHB Ethan Villalobos
|
0-0: Foul Ball, location: 2F 0-1: Ball 1-1: DOUBLE (Line Drive, 5D, EV 105.0 MPH)
|
|
Batting: RHB Tommy Ellington
|
0-0: Called Strike 0-1: Foul Ball, location: 2F 0-2: Ball 1-2: Ball 2-2: SINGLE (Groundball, 6MD, EV 102.5 MPH) Ethan Villalobos to third Runner from 3rd tries for Home, SAFE, throw by CF to home
|
|
Batting: RHB Billy Grubbs
|
0-0: Foul Ball, location: 2F 0-1: Foul Ball, location: 2F 0-2: Strikes out looking
|
|
Batting: RHB Kasey Bland
|
0-0: Ball 1-0: Foul Ball, location: 2F 1-1: Ball 2-1: Swinging Strike 2-2: Fly out, F7 (Flyball, 78M, EV 85.6 MPH)
|
|
Pitching: RHP Miguel Montelongo
|
|
|
Batting: SHB Jay Gagnon
|
0-0: Called Strike 0-1: Called Strike 0-2: Foul Ball, location: 2F 0-2: Foul Ball, location: 2F 0-2: Fly out, F4 (Popup, 34, EV 50.6 MPH)
|
| Bottom of the 6th over - 1 run, 2 hits, 0 errors, 1 left on base; Elizabethton 3 - Great Falls 7 |
| TOP OF THE 7TH |
|
Elizabethton Twins batting - Pitching for Great Falls Voyagers : LHP Ray Sowers
|
|
Batting: RHB Ton van Dijk
|
0-0: Called Strike 0-1: Foul Ball, location: 2F 0-2: Foul Ball, location: 2F 0-2: Foul Ball, location: 2F 0-2: Ball 1-2: Fly out, F7 (Flyball, 78M, EV 90.6 MPH)
|
|
Batting: RHB David McClellan
|
0-0: Called Strike 0-1: Ground out 6-3 (Groundball, 6, EV 87.5 MPH)
|
|
Batting: LHB Tomas Espino
|
0-0: Ball 1-0: Ball 2-0: Ball 3-0: Base on Balls
|
|
Batting: RHB Kevin Harris
|
0-0: Ball 1-0: Ball Tomas Espino is caught stealing 2nd base 2-4
|
| Top of the 7th over - 0 runs, 0 hits, 0 errors, 0 left on base; Elizabethton 3 - Great Falls 7 |
| BOTTOM OF THE 7TH |
|
Great Falls Voyagers batting - Pitching for Elizabethton Twins : RHP Miguel Montelongo
|
|
Batting: RHB Mike Rosa
|
0-0: DOUBLE (Line Drive, 9LM, EV 87.5 MPH)
|
|
Batting: LHB Justin Stickney
|
0-0: Ball 1-0: Ball 2-0: Ball 3-0: Called Strike 3-1: Base on Balls
|
|
Batting: LHB Jeff Alphonso
|
0-0: Foul Ball, location: 2F 0-1: Foul Ball, location: 2F 0-2: Strikes out swinging
|
|
Batting: RHB Andy Cotton
|
0-0: Ball 1-0: Foul Ball, location: 2F 1-1: Ball 2-1: Ball 3-1: 3-RUN HOME RUN (Flyball, 7D, EV 98.8 MPH), Distance : 369 ft
|
|
Pinch Hitting: RHB Vladmiri Nugaibekov
|
0-0: Ball 1-0: Called Strike 1-1: Swinging Strike 1-2: Ground out 6-3 (Groundball, 6, EV 86.9 MPH)
|
|
Batting: RHB Tommy Ellington
|
0-0: Foul Ball, location: 2F 0-1: Ball 1-1: Ball 2-1: SINGLE (Line Drive, 8RS, EV 105.6 MPH)
|
|
Batting: RHB Billy Grubbs
|
0-0: Ball 1-0: Called Strike 1-1: Foul Ball, location: 2F 1-2: Ball 2-2: Ball 3-2: Strikes out swinging
|
| Bottom of the 7th over - 3 runs, 3 hits, 0 errors, 1 left on base; Elizabethton 3 - Great Falls 10 |
| TOP OF THE 8TH |
|
Elizabethton Twins batting - Pitching for Great Falls Voyagers : LHP Ray Sowers
|
|
Now at 1B: Vladmiri Nugaibekov
|
|
|
Batting: RHB Kevin Harris
|
0-0: Ground out 4-3 (Groundball, 4, EV 82.5 MPH)
|
|
Batting: LHB Brian Wagner
|
0-0: Ball 1-0: Called Strike 1-1: Ball 2-1: Called Strike 2-2: Fly out, F7 (Flyball, 7LS, EV 85.6 MPH)
|
|
Batting: LHB Marshall Daul
|
0-0: Swinging Strike 0-1: Foul Ball, location: 2F 0-2: Ball 1-2: Ball 2-2: DOUBLE (Flyball, 9LD, EV 88.1 MPH)
|
|
Pitching: RHP Ivan Gaona
|
|
|
Batting: RHB Jeremy Witt
|
0-0: Called Strike 0-1: Ball 1-1: Ball 2-1: Foul Ball, location: 2F 2-2: SINGLE (Groundball, 56D, EV 100.6 MPH) Marshall Daul to third Runner from 3rd tries for Home, SAFE, throw by LF to home Jeremy Witt to second
|
|
Batting: LHB Hector Olvera
|
0-0: Foul Ball, location: 2F 0-1: Swinging Strike 0-2: SINGLE (Line Drive, 6M, EV 96.9 MPH) Jeremy Witt to third Runner from 3rd tries for Home, SAFE, throw by CF to home
|
|
Batting: RHB Steve Terrell
|
0-0: Ball 1-0: Called Strike 1-1: Foul Ball, location: 2F 1-2: Foul Ball, location: 2F 1-2: Ball 2-2: Ball 3-2: Foul Ball, location: 2F 3-2: Ground out 6-3 (Groundball, 6, EV 91.9 MPH)
|
| Top of the 8th over - 2 runs, 3 hits, 0 errors, 1 left on base; Elizabethton 5 - Great Falls 10 |
| BOTTOM OF THE 8TH |
|
Great Falls Voyagers batting - Pitching for Elizabethton Twins : RHP Miguel Montelongo
|
|
Batting: RHB Kasey Bland
|
0-0: Ball 1-0: Ball 2-0: Called Strike 2-1: Ball 3-1: Base on Balls
|
|
Batting: SHB Jay Gagnon
|
0-0: Ball 1-0: Ball 2-0: Foul Ball, location: 2F 2-1: Fly out, F8 (Line Drive, 8RM, EV 93.8 MPH)
|
|
Batting: RHB Mike Rosa
|
0-0: Ball Kasey Bland steals 2nd base 1-0: Ball 2-0: Called Strike Kasey Bland steals 3rd base 2-1: DOUBLE (Groundball, 5L, EV 100.6 MPH) Kasey Bland scores
|
|
Pitching: LHP Bryan Rouse
|
|
|
Batting: LHB Justin Stickney
|
0-0: Ball 1-0: Called Strike 1-1: Ball 2-1: Ball 3-1: Swinging Strike 3-2: Foul Ball, location: 2F 3-2: Ground out 6-3 (Groundball, P, EV 82.5 MPH) Mike Rosa to third
|
|
Batting: LHB Jeff Alphonso
|
0-0: Called Strike 0-1: Ball 1-1: Called Strike 1-2: Strikes out looking
|
| Bottom of the 8th over - 1 run, 1 hit, 0 errors, 1 left on base; Elizabethton 5 - Great Falls 11 |
| TOP OF THE 9TH |
|
Elizabethton Twins batting - Pitching for Great Falls Voyagers : RHP Ivan Gaona
|
|
Batting: RHB Ton van Dijk
|
0-0: Swinging Strike 0-1: Reached on error, E6 (Groundball, 6, EV 98.1 MPH)
|
|
Batting: RHB David McClellan
|
0-0: Called Strike 0-1: Ball 1-1: SINGLE (Groundball, 56S, EV 68.1 MPH) (infield hit) Ton van Dijk to third
|
|
Batting: LHB Tomas Espino
|
0-0: Fly out, F8 (Flyball, 8LS, EV 88.1 MPH)
|
|
Batting: RHB Kevin Harris
|
0-0: Called Strike 0-1: Ball 1-1: Ball Passed Ball! Ton van Dijk scores David McClellan to second 2-1: Foul Ball, location: 2F 2-2: Ball 3-2: Fly out, F8 (Line Drive, 8RD, EV 95.0 MPH)
|
|
Batting: LHB Brian Wagner
|
0-0: Ball Passed Ball! David McClellan to third 1-0: Fly out, F8 (Line Drive, 89M, EV 96.9 MPH)
|
| Top of the 9th over - 1 run, 1 hit, 1 error, 1 left on base; Elizabethton 6 - Great Falls 11 |
|